 Dungeon Crawl Stone Soup version 0.18-a0-1572-g0a86841 (webtiles) character file.

278268 amplicon the Warrior (level 20, -5/188 HPs)
             Began as a Minotaur Fighter on Mar 12, 2016.
             Was a Priest of Qazlal.
             Slain by a merfolk javelineer
             ... wielding a +0 spear
              (7 damage)
             ... on level 4 of the Shoals on Mar 15, 2016.
             The game lasted 04:05:16 (44980 turns).

amplicon the Warrior (Minotaur Fighter)            Turns: 44980, Time: 04:05:17

Health: -5/188     AC: 27    Str: 23      XL:     20   Next: 0%
Magic:  13/27      EV:  8    Int:  4 (9)  God:    Qazlal [***...]
Gold:   1766       SH:  0    Dex: 15 (16) Spells: 2 memorised, 15 levels left

rFire  + . .     SeeInvis +     l - +9 mace (drain)
rCold  + . .     Gourm    .     R - +8 chain mail of Wasted Space {rF+ rC+}
rNeg   + . .     Faith    .     N - +4 shield {rN+}
rPois  .         Spirit   .     (helmet restricted)
rElec  .         Dismiss  .     X - +0 cloak
rCorr  .         Reflect  .     g - +0 pair of gloves "Cemabata" {+Fly Dex+5}
SustAt .         Harm     .     k - +2 pair of boots
MR     ++...     Rnd*Rage +     t - amulet of rage
Stlth  ..........               s - ring of see invisible
                                T - ring of protection from magic

@: lethally poisoned (-5 -> -6), about to teleport, flying, held, drained, very
resistant to hostile enchantments, extremely unstealthy
A: retaliatory headbutt, horns 2, berserk 1, blurry vision 1, clumsy 1,
deterioration 1, low mp 1
a: Upheaval, Elemental Force, Renounce Religion, Evoke Berserk Rage, Stop Flying
}: 1/15 runes: serpentine


You were on level 4 of the Shoals.
You worshipped Qazlal.
Qazlal was most pleased with you.
You were not hungry.

You visited 8 branches of the dungeon, and saw 36 of its levels.
You visited the Abyss 1 time.

You collected 2710 gold pieces.
You spent 944 gold pieces at shops.

Inventory:

Hand Weapons
 l - a +9 mace of draining (weapon)
Missiles
 b - 8 poisoned javelins (quivered)
Armour
 g - the +0 pair of gloves "Cemabata" (worn) {+Fly Dex+5}
   (You bought it in a shop on level 1 of the Orcish Mines)

   It affects your dexterity (+5).
   It lets you fly.
 k - a +2 pair of boots (worn)
 N - a +4 shield of positive energy (worn)
 R - the +8 chain mail of Wasted Space (worn) {rF+ rC+}
   (You found it on level 9 of the Dungeon)

   It protects you from fire.
   It protects you from cold.
 X - a +0 cloak (worn)
Jewellery
 d - an uncursed ring of poison resistance
 s - a ring of see invisible (right hand)
 t - an amulet of rage (around neck)
 O - an uncursed ring of positive energy
 T - a ring of protection from magic (left hand)
Wands
 y - a wand of paralysis (14/24)
 M - a wand of slowing (26/48)
 P - a wand of teleportation (1/9)
 W - a wand of enslavement (0/24)
Scrolls
 a - 3 scrolls of recharging
 c - 2 scrolls of identify
 i - a scroll of magic mapping
 j - a scroll of enchant armour
 r - 8 scrolls of teleportation
 z - 3 scrolls of remove curse
 A - 4 scrolls of fear
 B - 2 scrolls of silence
 K - 2 scrolls of enchant weapon
Potions
 e - 3 potions of magic
 h - 2 potions of invisibility
 o - 3 potions of lignification
 p - 4 potions of curing
 q - 7 potions of brilliance
 u - 5 potions of flight
Comestibles
 f - 10 bread rations


   Skills:
 - Level 18.2(17.6) Fighting
 - Level 17.2(16.5) Maces & Flails
 - Level 6.2(5.7) Throwing
 - Level 13.0(12.4) Armour
 - Level 13.4(12.8) Dodging
 - Level 15.0(14.3) Shields
 + Level 4.3(3.8) Conjurations
 + Level 4.0(3.5) Necromancy
 + Level 4.3(3.8) Earth Magic
 - Level 15.4(14.7) Invocations
 - Level 7.1(6.6) Evocations


You had 15 spell levels left.
You knew the following spells:

 Your Spells              Type           Power        Failure   Level  Hunger
a - Pain                  Necr           #...         75%         1    ##.....
b - Stone Arrow           Conj/Erth      #.....       99%         3    ####...


Dungeon Overview and Level Annotations

Branches:
Dungeon (15/15)            Temple (1/1) D:4            Lair (8/8) D:10
 Shoals (4/4) Lair:4        Snake (4/4) Lair:3        Slime (1/6) Lair:8
    Orc (2/2) D:9             Elf (1/3) Orc:2        Vaults (0/5) D:14
 Depths: D:15

Altars:
Ashenzari
Cheibriados
Dithmenos
Elyvilon
Fedhas
Gozag
Kikubaaqudgha
Makhleb
Nemelex Xobeh
Okawaru
Pakellas
Qazlal
Ru
Sif Muna
Trog
Vehumet
Xom
Yredelemnul
Zin
The Shining One
Beogh

Shops:
D:8 ?   D:14 (==   Orc:1 [   Orc:2 [(*   Shoals:4 *

Annotations:
D:15 namelastname112's ghost, adept DrWn
Shoals:4 Ilsuiw


Innate Abilities, Weirdness & Mutations

You reflexively headbutt those who attack you in melee.
You have a pair of horns on your head.
Your body sometimes deteriorates upon taking damage.
[You tend to lose your temper in combat.]
[Scrolls take you a little longer to read.]
[You are clumsy. (Dex -2)]
[Your magical capacity is low (-10% MP).]


Message History

* * * LOW HITPOINT WARNING * * *
The merfolk impaler hits the plant with a trident of piercing!!
The plant is destroyed!
The merfolk javelineer hits you from afar with a spear.
* * * LOW HITPOINT WARNING * * *
The merfolk impaler hits you but does no damage.
You begin reading the scroll.
You continue reading the scroll.
The merfolk impaler hits you but does no damage.
The merfolk javelineer hits you from afar with a spear.
* * * LOW HITPOINT WARNING * * *
The merfolk javelineer hits you but does no damage.
You are poisoned.
The merfolk aquamancer hits you but does no damage.
You partially resist.
You feel drained.
The merfolk impaler barely misses you. x2
The merfolk barely misses you.
The merfolk aquamancer hits you but does no damage.
You partially resist.
You feel drained.
The merfolk impaler hits you but does no damage.
The merfolk javelineer hits you from afar with a spear!
You die...

≈≈≈≈. ..≈ ≈≈≈≈≈
≈≈≈≈≈≈≈.......≈≈≈≈≈
≈≈≈≈≈≈....#.#.≈≈≈≈≈
≈≈≈≈≈.....%∩...≈≈#
≈≈≈≈≈.....#.#...#
≈≈≈≈≈.....m..mP.#
≈≈≈≈≈....m§m$≈..#
...≈..(..mm@§P≈≈#
.......<.m)†.PP≈##
........(mmmmmPP≈#
.........)Ym...≈≈≈≈≈
...........(..≈≈≈≈≈≈
#m##.....###..≈≈≈≈≈≈
. ##..... ..≈≈≈≈≈≈≈
#..... ...§≈≈≈≈≈
#..........≈≈≈≈≈


You could see 5 merfolk impalers, 3 merfolk javelineers, 3 merfolk aquamancers,
2 merfolk and a sheep.

Vanquished Creatures
  A bone dragon (Abyss:3)
  Rupert (Lair:5)
  5 tentacled starspawn
  Frances (D:14)
  14 greater nagas
  An orc warlord (Orc:2)
  A cacodemon (Abyss:2)
  The ghost of Azzok the Severer, a journeyman DDFi of Makhleb (Lair:7)
  A very ugly thing (Abyss:2)
  Nessos (D:12)
  A dire elephant (Lair:8)
  A lorocyproca (Abyss:2)
  A merfolk javelineer (Shoals:3)
  Josephine (D:9)
  A fire dragon (D:15)
  6 merfolk impalers
  9 hydras
  An ice dragon (Lair:8)
  An alligator snapping turtle (Shoals:3)
  A catoblepas (Lair:8)
  3 centaur warriors
  35 naga warriors
  4 tengu warriors
  A merfolk aquamancer (Shoals:3)
  2 satyrs
  6 dancing weapons
  A deep troll shaman (Lair:8)
  9 anacondas
  15 death yaks
  A thrashing horror (Abyss:2)
  25 naga sharpshooters
  5 orc high priests (Orc:2)
  8 shock serpents
  Sonja (D:15)
  The ghost of kak the Pioneer, a novice DDAr of Pakellas (Lair:1)
  A sun demon (Abyss:3)
  3 wretched stars
  Nergalle (Lair:4)
  A sea snake (shapeshifter) (D:12)
  A fire crab (Lair:8)
  5 salamander mystics
  A flayed ghost (D:10)
  A spatial maelstrom (Abyss:3)
  9 sea snakes
  3 unseen horrors
  A giant orange brain (Abyss:2)
  4 hill giants
  8 naga ritualists
  An orange crystal statue (D:12)
  2 deep elf archers (Elf:1)
  5 harpies (Shoals:3)
  5 orc knights
  13 mana vipers
  3 orc sorcerers (Orc:2)
  10 fauns
  10 griffons
  11 salamanders
  10 deep elf magi
  3 worldbinders (Abyss:3)
  A manticore (D:15)
  A sixfirhy (Abyss:3)
  4 cyclopes
  A rust devil (Abyss:3)
  Maurice (D:10)
  10 sirens
  8 guardian serpents
  43 black mambas
  13 elephants
  7 water nymphs
  4 orange demons
  14 spiny frogs
  A smoke demon (Abyss:2)
  21 naga magi
  A gargoyle (D:11)
  An efreet (D:12)
  4 kobold demonologists
  An ice devil (Abyss:3)
  5 rime drakes
  7 komodo dragons
  2 ancient zymes (Abyss:2)
  34 merfolk
  6 trolls
  A troll (shapeshifter) (Elf:1)
  5 polar bears
  4 raiju (Abyss:3)
  10 blink frogs
  5 two-headed ogres
  5 snapping turtles
  A centaur simulacrum (D:14)
  A spriggan (D:8)
  A flying skull (Abyss:2)
  6 water elementals
  A vampire (Abyss:3)
  8 wraiths
  Eustachio (D:5)
  An air elemental (Elf:1)
  15 yaks
  2 shadows
  6 large abominations
  A wyvern (Lair:8)
  6 ynoxinuls
  3 basilisks
  14 hippogriffs
  A hungry ghost (D:14)
  3 vampire mosquitoes (D:14)
  2 neqoxecs (Abyss:3)
  Grum (D:9)
  A chaos spawn (Abyss:3)
  6 golden eyes (Abyss:2)
  Menkaure (D:5)
  2 soldier ants (D:13)
  Edmund (D:4)
  2 wargs (Orc:2)
  85 nagas
  7 hell hounds (Abyss:2)
  19 water moccasins
  Duvessa (D:5)
  46 orc warriors
  The ghost of Chiseanne the Covert, an amateur SpAs (D:3)
  10 porcupines
  A wasp (D:11)
  6 ice beasts
  3 sky beasts
  5 black bears
  2 eyes of draining
  11 ogres
  19 wolves
  2 necrophages (D:10)
  2 phantoms
  12 centaurs
  17 crocodiles
  A big kobold (D:13)
  15 small abominations
  16 giant frogs
  2 gnoll sergeants
  2 wyvern zombies
  A wyvern skeleton (D:14)
  A water moccasin skeleton (D:4)
  Dowan (D:5)
  16 jellies
  4 scorpions
  19 killer bees
  16 wights
  9 howler monkeys
  2 electric eels
  5 centaur zombies
  3 crimson imps
  2 giant frog zombies
  39 orc priests
  2 giant frog skeletons
  Crazy Yiuf (D:2)
  11 hounds
  4 centaur skeletons
  11 iguanas
  36 orc wizards
  10 worker ants
  31 sheep
  A killer bee zombie (D:9)
  A worker ant zombie (D:6)
  6 adders
  18 gnolls
  A howler monkey skeleton (D:10)
  69 river rats
  A shadow imp (D:7)
  A white imp (Abyss:2)
  5 oozes
  2 adder zombies
  4 worms
  A dart slug (D:1)
  5 giant geckos
  141 orcs
  10 bats
  9 giant cockroaches
  6 goblins
  8 hobgoblins
  23 jackals
  12 kobolds
  6 quokkas
  3 giant newts
  A jackal skeleton (D:4)
  12 rats
  A bush (Lair:8)
  98 fungi
  93 plants
  5 starspawn tentacles
1638 creatures vanquished.

Vanquished Creatures (collateral kills)
  2 merfolk (Shoals:4)
2 creatures vanquished.

Vanquished Creatures (others)
  A merfolk aquamancer (Shoals:4)
  A deep elf archer (Elf:1)
  A centaur zombie (D:12)
  A merfolk (Shoals:4)
  A centaur (D:12)
  A small abomination (Abyss:2)
  A river rat (D:10)
  An orc (Orc:2)
  11 bushes
  9 demonic plants (Abyss:3)
  30 fungi
  A lurking horror (Abyss:3)
  33 plants
  19 starspawn tentacles
  131 starspawn tentacle segments (Abyss:2)
242 creatures vanquished.

Grand Total: 1882 creatures vanquished

Notes
Turn   | Place    | Note
--------------------------------------------------------------
     0 | D:1      | amplicon the Minotaur Fighter began the quest for the Orb.
     0 | D:1      | Reached XP level 1. HP: 19/19 MP: 0/0
    38 | D:1      | Reached XP level 2. HP: 25/27 MP: 1/1
    63 | D:1      | Reached skill level 4 in Fighting
   421 | D:1      | Reached XP level 3. HP: 33/33 MP: 2/2
   483 | D:1      | Found a shattered altar of Ashenzari.
  1217 | D:2      | Found a shattered altar of Ashenzari.
  1226 | D:2      | Found an opulent altar of Gozag.
  1282 | D:2      | Reached XP level 4. HP: 41/41 MP: 3/3
  1328 | D:2      | Noticed Crazy Yiuf
  1339 | D:2      | Killed Crazy Yiuf
  1723 | D:3      | Noticed Chiseanne's ghost (amateur SpAs)
  1753 | D:3      | Killed Chiseanne's ghost
  1753 | D:3      | Reached skill level 5 in Fighting
  1753 | D:3      | Reached skill level 5 in Shields
  1753 | D:3      | Reached XP level 5. HP: 43/48 MP: 4/4
  2112 | D:3      | Found an ancient bone altar of Kikubaaqudgha.
  2119 | D:3      | Found a deep blue altar of Sif Muna.
  2120 | D:3      | Found a radiant altar of Vehumet.
  2122 | D:3      | Reached XP level 6. HP: 56/56 MP: 5/5
  2124 | D:3      | Identified Kikubaaqudgha's Incunabulum of Evil
  2127 | D:3      | Learned a level 1 spell: Pain
  2885 | D:4      | Noticed Edmund
  2908 | D:4      | Killed Edmund
  2908 | D:4      | Reached skill level 6 in Fighting
  2908 | D:4      | Reached skill level 5 in Maces & Flails
  3102 | D:4      | Reached XP level 7. HP: 56/64 MP: 6/6
  3317 | D:4      | Found a staircase to the Ecumenical Temple.
  3599 | Temple   | Entered the Ecumenical Temple
  3793 | Temple   | Became a worshipper of Qazlal Stormbringer
  3827 | D:5      | Entered Level 5 of the Dungeon
  3829 | D:5      | Noticed Eustachio
  3844 | D:5      | Killed Eustachio
  3844 | D:5      | Reached skill level 7 in Fighting
  4018 | D:5      | Noticed Dowan
  4020 | D:5      | Noticed Duvessa
  4035 | D:5      | Killed Dowan
  4053 | D:5      | Killed Duvessa
  4053 | D:5      | Reached XP level 8. HP: 68/73 MP: 7/7
  4144 | D:5      | Noticed Menkaure
  4160 | D:5      | Killed Menkaure
  4634 | D:6      | Reached * piety under Qazlal
  4744 | D:6      | Reached skill level 8 in Fighting
  4998 | D:6      | HP: 3/75 [wight/halberd of freezing (2)]
  5828 | D:7      | Reached XP level 9. HP: 82/82 MP: 8/8
  5861 | D:7      | Reached skill level 1 in Invocations
  5873 | D:7      | Reached ** piety under Qazlal
  5960 | D:7      | Learned a level 3 spell: Stone Arrow
  5964 | D:7      | Reached skill level 5 in Armour
  6408 | D:7      | Found a sacrificial altar of Ru.
  6408 | D:7      | Found a shimmering altar of Xom.
  6417 | D:7      | Found a basalt altar of Yredelemnul.
  6704 | D:8      | Found Angic's Magic Scroll Emporium.
  6713 | D:8      | Bought a scroll of identify for 30 gold pieces
  6713 | D:8      | Bought a scroll of identify for 30 gold pieces
  7074 | D:8      | Reached skill level 5 in Invocations
  7227 | D:9      | Noticed Grum
  7265 | D:9      | Killed Grum
  7265 | D:9      | Reached XP level 10. HP: 45/90 MP: 13/13
  7463 | D:9      | Got a faintly glowing chain mail
  7474 | D:9      | Identified the +8 chain mail of Wasted Space {rF+ rC+} (You found it on level 9 of the Dungeon)
  7591 | D:9      | Reached *** piety under Qazlal
  7877 | D:9      | Reached skill level 1 in Dodging
  7886 | D:9      | Reached skill level 9 in Fighting
  8254 | D:9      | Found a roughly hewn altar of Beogh.
  8254 | D:9      | Found a staircase to the Orcish Mines.
  8450 | D:10     | Entered Level 10 of the Dungeon
  8475 | D:9      | Reached skill level 1 in Evocations
  8507 | D:9      | Reached **** piety under Qazlal
  8682 | D:10     | Noticed a flayed ghost
  8696 | D:10     | Killed a flayed ghost
  8754 | D:10     | Found a staircase to the Lair.
  8796 | D:10     | Noticed Josephine
  8828 | D:9      | Killed Josephine
  8828 | D:9      | Reached skill level 10 in Fighting
  9157 | D:10     | Reached XP level 11. HP: 92/100 MP: 14/14
  9283 | Lair:1   | Entered Level 1 of the Lair of Beasts
  9283 | Lair:1   | Noticed a four-headed hydra
  9292 | Lair:1   | Killed a four-headed hydra
  9292 | Lair:1   | Reached skill level 10 in Maces & Flails
  9292 | Lair:1   | Reached skill level 5 in Dodging
  9333 | Lair:1   | Noticed kak's ghost (novice DDAr)
  9478 | Lair:1   | Killed kak's ghost
  9980 | D:10     | Noticed Maurice
 10157 | D:10     | Noticed a hill giant
 10161 | D:10     | Killed a hill giant
 10161 | D:10     | Reached skill level 1 in Throwing
 10174 | D:10     | Killed Maurice
 10595 | Lair:1   | Reached skill level 5 in Evocations
 11757 | Lair:3   | Found a staircase to the Snake Pit.
 11776 | Lair:3   | Noticed a death yak
 11777 | Lair:3   | Noticed a death yak
 11778 | Lair:3   | Reached XP level 12. HP: 108/108 MP: 15/15
 11782 | Lair:3   | Noticed a death yak
 11783 | Lair:3   | Noticed a death yak
 11784 | Lair:3   | Reached ***** piety under Qazlal
 11786 | Lair:3   | Noticed a death yak
 11786 | Lair:3   | Noticed a death yak
 11800 | Lair:3   | Killed a death yak
 11809 | Lair:3   | Killed a death yak
 11809 | Lair:3   | Reached skill level 5 in Throwing
 11810 | Lair:3   | Killed a death yak
 11814 | Lair:3   | Killed a death yak
 11814 | Lair:3   | Killed a death yak
 11827 | Lair:3   | Killed a death yak
 13300 | Lair:4   | Noticed Nergalle
 13368 | Lair:4   | Killed Nergalle
 13368 | Lair:4   | Reached skill level 11 in Fighting
 13496 | Lair:4   | Found a staircase to the Shoals.
 14364 | Lair:5   | Noticed a four-headed hydra
 14371 | Lair:5   | Killed a four-headed hydra
 14371 | Lair:5   | Reached skill level 12 in Fighting
 14408 | Lair:5   | Noticed Rupert
 14427 | Lair:5   | Killed Rupert
 14427 | Lair:5   | Reached XP level 13. HP: 92/119 MP: 17/17
 15599 | Lair:6   | Reached skill level 13 in Fighting
 16402 | Lair:7   | Noticed Azzok's ghost (journeyman DDFi)
 16443 | Lair:7   | Killed Azzok's ghost
 17144 | Lair:8   | Entered Level 8 of the Lair of Beasts
 17153 | Lair:8   | Reached skill level 14 in Fighting
 17466 | Lair:8   | Found a staircase to the Slime Pits.
 17692 | Lair:8   | Found a frozen archway.
 18035 | Lair:8   | Reached XP level 14. HP: 126/133 MP: 18/18
 18169 | Lair:8   | Reached ****** piety under Qazlal
 18286 | Lair:8   | Reached skill level 15 in Fighting
 18738 | Lair:8   | Reached skill level 15 in Maces & Flails
 19327 | Lair:8   | Reached skill level 10 in Shields
 19544 | Lair:8   | Identified the Almanac of Translocation
 19844 | D:9      | Reached skill level 10 in Dodging
 19876 | Orc:1    | Entered Level 1 of the Orcish Mines
 20046 | Orc:2    | Entered Level 2 of the Orcish Mines
 20245 | Orc:1    | Found Wiplerad's Antique Armour Boutique.
 20255 | Orc:1    | Bought a pair of steaming gloves for 294 gold pieces
 20472 | Orc:2    | Reached skill level 10 in Armour
 20730 | Orc:2    | Found a roughly hewn altar of Beogh.
 20858 | Orc:2    | Found Sast's Assorted Antiques.
 20868 | Orc:2    | Found Fynn's Antique Weapon Shop.
 21577 | Orc:2    | Noticed an orc warlord
 21597 | Orc:2    | Killed an orc warlord
 21675 | Orc:2    | Found a roughly hewn altar of Beogh.
 21728 | Orc:2    | Found Ecricukh's Magic Scroll Shop.
 21815 | Orc:2    | Found Finirpho's Armour Emporium.
 22197 | Orc:2    | Found a staircase to the Elven Halls.
 22276 | Orc:2    | Reached XP level 15. HP: 135/141 MP: 19/19
 22660 | D:9      | Identified the +0 pair of gloves "Cemabata" {+Fly Dex+5} (You bought it in a shop on level 1 of the Orcish Mines)
 23630 | D:11     | Found a runed door.
 23709 | D:11     | Found a roughly hewn altar of Beogh.
 24052 | D:12     | Noticed Nessos
 24066 | D:12     | Killed Nessos
 25887 | Snake:1  | Entered Level 1 of the Snake Pit
 27757 | Snake:2  | Noticed a greater naga
 27799 | Snake:2  | Killed a greater naga
 28209 | Snake:2  | Reached XP level 16. HP: 149/149 MP: 20/20
 29239 | Snake:2  | Reached skill level 16 in Fighting
 29295 | Snake:2  | Found an oddly glowing altar of Pakellas.
 29625 | Snake:3  | Reached XP level 17. HP: 157/159 MP: 21/21
 31236 | Snake:4  | Entered Level 4 of the Snake Pit
 32233 | Snake:4  | Reached skill level 10 in Invocations
 33107 | Snake:4  | Reached XP level 18. HP: 92/168 MP: 19/25
 36588 | Snake:4  | Reached skill level 15 in Invocations
 36784 | Snake:4  | Got a serpentine rune of Zot
 37529 | Slime:1  | Entered Level 1 of the Pits of Slime
 38228 | Elf:1    | Entered Level 1 of the Elven Halls
 38265 | Elf:1    | Reached skill level 17 in Fighting
 39265 | D:14     | Found Gorum's Weapon Boutique.
 39418 | D:14     | Found Henaruyph's Jewellery Shop.
 39427 | D:14     | Bought an uncursed ring of see invisible for 270 gold pieces
 39466 | D:14     | Found a gate to the Vaults.
 39635 | D:14     | Found Woerrybb's Jewellery Emporium.
 39641 | D:14     | Bought an uncursed ring of poison resistance for 320 gold pieces
 39691 | D:14     | Noticed Frances
 39698 | D:14     | Killed Frances
 39817 | D:15     | Entered Level 15 of the Dungeon
 39826 | D:15     | Noticed Sonja
 39840 | D:15     | Killed Sonja
 39840 | D:15     | Reached XP level 19. HP: 177/177 MP: 29/29
 39975 | D:14     | Upgraded the game from 0.18-a0-1560-ge216ca8 to 0.18-a0-1562-gac8da35
 40153 | D:15     | Noticed namelastname112's ghost (adept DrWn)
 40220 | D:14     | Upgraded the game from 0.18-a0-1562-gac8da35 to 0.18-a0-1572-g0a86841
 40499 | Shoals:1 | Entered Level 1 of the Shoals
 41539 | Shoals:2 | Reached skill level 18 in Fighting
 41690 | Shoals:2 | Got a jewelled swamp dragon armour
 41864 | Lair:1   | Identified the +3 swamp dragon armour of Paranoia {rPois Int+4} (You found it on level 2 of the Shoals)
 42688 | Shoals:3 | Reached skill level 15 in Shields
 42830 | Shoals:3 | Reached skill level 1 in Conjurations
 42953 | Shoals:3 | Reached skill level 1 in Earth Magic
 42962 | Shoals:3 | Reached skill level 1 in Necromancy
 43189 | Shoals:4 | Entered Level 4 of the Shoals
 43189 | Shoals:4 | Found Kahileg's Assorted Antiques.
 43198 | Shoals:4 | Cast into level 2 of the Abyss (merfolk impaler)
 43749 | Abyss:3  | Found a shimmering altar of Xom.
 43797 | Abyss:3  | Found a shimmering altar of Xom.
 43797 | Abyss:3  | Found a shimmering altar of Xom.
 43797 | Abyss:3  | Found a shimmering altar of Xom.
 43797 | Abyss:3  | Found a shimmering altar of Xom.
 43797 | Abyss:3  | Found a shimmering altar of Xom.
 43797 | Abyss:3  | Found a shimmering altar of Xom.
 43797 | Abyss:3  | Found a shimmering altar of Xom.
 43797 | Abyss:3  | Found a shimmering altar of Xom.
 43797 | Abyss:3  | Found a shimmering altar of Xom.
 43797 | Abyss:3  | Found a corrupted altar of Lugonu.
 43797 | Abyss:3  | Found a shimmering altar of Xom.
 43797 | Abyss:3  | Found a shimmering altar of Xom.
 43797 | Abyss:3  | Found a shimmering altar of Xom.
 43797 | Abyss:3  | Found a shimmering altar of Xom.
 43797 | Abyss:3  | Found a shimmering altar of Xom.
 43797 | Abyss:3  | Found a shimmering altar of Xom.
 43798 | Abyss:3  | Found a shimmering altar of Xom.
 43807 | Abyss:3  | Found a shimmering altar of Xom.
 43827 | Abyss:3  | Found a shimmering altar of Xom.
 44121 | Abyss:3  | Noticed a bone dragon
 44137 | Abyss:3  | Killed a bone dragon
 44180 | Abyss:3  | Gained mutation: Your body often deteriorates upon taking damage. [a neqoxec]
 44203 | Abyss:3  | Lost intelligence.
 44597 | Abyss:3  | Noticed a profane servitor
 44751 | Shoals:4 | Escaped the Abyss
 44971 | Shoals:4 | Noticed Ilsuiw
 44971 | Shoals:4 | Reached XP level 20. HP: 117/188 MP: 16/24
 44979 | Shoals:4 | HP: 8/188 [merfolk javelineer/spear (3)]
 44980 | Shoals:4 | HP: 2/188 [merfolk javelineer/spear (6)]
 44980 | Shoals:4 | Slain by a merfolk javelineer

Vault maps used:
D:1:      dpeg_arrival_chambers_temple_mockup, evilmike_ruin_ashenzari
D:2:      kennysheep_big_flooded_room, grunt_temple_overflow_open, first_bread,
          uniq_crazy_yiuf_cottage
D:3:      grunt_temple_overflow_magic_moments
D:4:      minmay_temple_entry_nine_rooms, uniq_edmund
D:5:      uniq_eustachio, uniq_duvessa, uniq_menkaure
D:7:      minitemple
D:8:      serial_shops, nicolae_shop_statue_plus, grunt_pizzeria
D:9:      david_orc_5, billiards_dpeg, uniq_grum
D:10:     due_lair_maze_entry_diamond, kennysheep_island_fort, uniq_josephine,
          uniq_maurice
D:11:     lightli_church_of_beogh
D:12:     minmay_statue_hallways, kennysheep_just_a_vault, uniq_nessos
D:14:     erik_vaults_1, roderic_roman_lattice, serial_shops,
          kennysheep_little_box, shop, shop, uniq_frances
D:15:     grunt_enter_depths_giant_problem, einodemon_crawler_minivault,
          uniq_sonja
Temple:   triangle_lava_temple_12
Lair:2:   beast_lair_carwin_large_2
Lair:3:   dummy_snake_entry, serial_bayou_shore_b
Lair:4:   minmay_shoals_entry_centaurs, st_stairs_7, grunt_megastairs_3,
          lemuel_fruit_tree, uniq_nergalle
Lair:5:   uniq_rupert
Lair:8:   grunt_lair_end_beastmaster, minmay_slime_entry_jelly_boxes,
          portal_ice_cave_entry_animals_and_master, grunt_megastairs_5
Shoals:4: shoals_end_simple, shoal_ilsuiw, serial_shops, nicolae_shop_crystal,
          nicolae_shoals_loop_pool
Snake:1:  serial_bayou_shore_a, grunt_megastairs_2
Snake:2:  basic_altar
Snake:4:  grunt_snake_rune_spirals, special_room
Orc:1:    enter_volcano_4, serial_shops, shop_fountains
Orc:2:    pubby_orc_utopia
Elf:1:    kennysheep_ambush_hall, serial_shops, nicolae_shop_trees,
          nicolae_shop_trees, shop, minivault_28, minivault_23
Abyss:2:  evilmike_abyss_exit_vortex
Abyss:3:  hangedman_elemental_corridor, bh_abyss_xom_lugonu_altar,
          evilmike_abyss_exit_9

Skill      XL: |  1  2  3  4  5  6  7  8  9 10 11 12 13 14 15 16 17 18 19 |
---------------+----------------------------------------------------------+-----
Fighting       | 4 5 6 7 8 10 12 14 15 16 17 18 | 18.2
Shields        | 4 5 6 7 8 9 11 13 15 | 15.0
Maces & Flails | 3 4 5 6 8 9 10 12 14 15 16 17 | 17.2
Armour         | 4 8 11 13 | 13.0
Invocations    | 5 6 11 15 | 15.4
Dodging        | 4 7 9 11 12 13 | 13.4
Evocations     | 3 6 7 |  7.1
Throwing       | 4 6 |  6.2
Conjurations   | 4 |  4.3
Earth Magic    | 4 |  4.3
Necromancy     | 4 |  4.0

Action                   |  1- 3 |  4- 6 |  7- 9 | 10-12 | 13-15 | 16-18 | 19-21 || total
-------------------------+-------+-------+-------+-------+-------+-------+-------++-------
Melee: Flail             |    56 |       |       |       |       |       |       ||    56
       Mace              |    16 |   151 |   370 |   786 |  1974 |  1440 |   873 ||  5610
       Short sword       |       |       |       |       |    19 |       |       ||    19
Throw: Javelin           |       |       |       |       |     3 |       |       ||     3
Invok: Upheaval          |       |       |       |    10 |     8 |    13 |     9 ||    40
       Elemental Force   |       |       |       |     1 |       |       |     1 ||     2
       Disaster Area     |       |       |       |       |     1 |     3 |     6 ||    10
 Abil: Evoke Flight      |       |       |       |     2 |       |       |     3 ||     5
Evoke: Wand              |       |       |       |     2 |     1 |     3 |     7 ||    13
  Use: Scroll            |     5 |     2 |    12 |    16 |    10 |    10 |    20 ||    75
       Potion            |       |       |     2 |     4 |     5 |    14 |    10 ||    35
  Eat: Chunk             |     1 |     5 |     6 |    21 |    25 |       |     3 ||    61
       Beef jerky        |       |     1 |     2 |     1 |     2 |       |     2 ||     8
       Bread ration      |       |       |     1 |       |       |       |     1 ||     2
       Royal jelly       |       |       |       |     1 |       |       |       ||     1
       Fruit             |       |       |       |       |     9 |       |       ||     9
       Pizza             |       |       |       |       |     1 |     2 |       ||     3
       Meat ration       |       |       |       |       |     2 |     7 |     3 ||    12
